 Dungeon Crawl Stone Soup version 0.22-b1-59-g0aedee7 (webtiles) character file.

3652 Lilu the Thaumaturge (level 9, -4/55 HPs)
             Began as a Deep Elf Conjurer on Aug 9, 2018.
             Was a Priest of Sif Muna.
             Splashed by Maurice's acid (5 damage)
             ... on level 9 of the Dungeon.
             The game lasted 00:25:35 (8080 turns).

Lilu the Thaumaturge (Deep Elf Conjurer)            Turns: 8080, Time: 00:25:36

Health: -4/55      AC:  1    Str:  8    XL:     9   Next: 88%
Magic:  15/25      EV: 17    Int: 21    God:    Sif Muna [***...]
Gold:   256        SH:  0    Dex: 15    Spells: 18/29 levels left

rFire    + . .     SeeInvis .   B - +0 long sword (holy)
rCold    . . .     Gourm    .   (no shield)
rNeg     . . .     Faith    .   J - +0 robe {rF+}
rPois    .         Spirit   .   a - +1 hat
rElec    .         Reflect  .   (no cloak)
rCorr    .         Harm     .   I - +0 pair of gloves
MR       +....                  l - +0 pair of boots
Stlth    ++........             s - amulet of regeneration
HPRegen  0.58/turn              F - ring of protection from magic
MPRegen  0.19/turn              i - +4 ring of evasion

@: corroded
A: no striking features
a: Divine Energy, Channel Magic, Renounce Religion


You were on level 9 of the Dungeon.
You worshipped Sif Muna.
Sif Muna was most pleased with you.
You were not hungry.

You visited 1 branch of the dungeon, and saw 9 of its levels.

You collected 256 gold pieces.

Inventory:

Hand Weapons
 B - a +0 long sword of holy wrath (weapon)
 D - a +0 hunting sling
Missiles
 h - 342 stones
 v - 3 poisoned tomahawks (quivered)
 A - 3 javelins
 C - 48 sling bullets
Armour
 a - a +1 hat (worn)
 l - a +0 pair of boots (worn)
 I - a +0 pair of gloves (worn)
 J - a +0 robe of fire resistance (worn)
Jewellery
 e - an uncursed ring of stealth
 i - a +4 ring of evasion (right hand)
 p - an uncursed ring of poison resistance
 s - an amulet of regeneration (around neck)
 w - an uncursed amulet of the gourmand
 F - a ring of protection from magic (left hand)
 Q - an uncursed ring of protection from fire {unknown}
 V - a +2 amulet of reflection {unknown}
Wands
 t - a wand of acid (14)
 P - a wand of scattershot (3)
 R - a wand of paralysis (18)
 T - a wand of disintegration (16)
Scrolls
 b - a scroll of amnesia {unknown}
 d - 6 scrolls of remove curse
 n - 8 scrolls of teleportation {unknown}
 o - 2 scrolls of random uselessness {unknown}
 q - a scroll of noise {unknown}
 r - a scroll of identify {unknown}
 y - a scroll of immolation {unknown}
 G - 2 scrolls of magic mapping {unknown}
 M - a scroll of fog {unknown}
 O - a scroll of summoning {unknown}
 S - a scroll of fear {unknown}
 W - a scroll of silence {unknown}
Potions
 f - 2 potions of flight {unknown}
 g - 2 potions of mutation {unknown}
 j - a potion of ambrosia {unknown}
 k - 2 potions of heal wounds {unknown}
 u - 3 potions of resistance {unknown}
 x - a potion of cancellation {unknown}
 z - 2 potions of brilliance {unknown}
 E - 2 potions of lignification {unknown}
 H - 3 potions of curing {unknown}
 K - a potion of might {unknown}
 L - 2 potions of degeneration {unknown}
 N - a potion of invisibility {unknown}
Comestibles
 c - 20 rations
 U - 3 chunks of flesh


   Skills:
 + Level 6.1 Fighting
 - Level 2.4 Dodging
 - Level 2.4 Stealth
 - Level 10.8 Spellcasting
 - Level 10.7 Conjurations


You had 18 spell levels left.
You knew the following spells:

 Your Spells              Type           Power        Failure   Level  Hunger
a - Magic Dart            Conj           ####         1%          1    None
b - Searing Ray           Conj           ######       1%          2    None
c - Iskenderun's Mystic   Conj           ######..     1%          4    ##.....
d - Fulminant Prism       Conj/Hex       ####......   7%          4    ##.....

Your spell library contained the following spells:

 Spells                   Type           Power        Failure   Level  Hunger
 Cause Fear               Hex            ##........   52%         4    ##.....
 Confuse                  Hex            ##......     19%         3    None
 Deflect Missiles         Chrm/Air       ##........   100%        6    ######.
 Confusing Touch          Hex            ##....       6%          1    None
 Metabolic Englaciation   Hex/Ice        ##........   86%         5    ####...
 Silence                  Hex/Air        ##........   86%         5    ####...
 Petrify                  Tmut/Erth      ##......     52%         4    ##.....
 Dazzling Spray           Conj/Hex       ####..       1%          3    None
 Force Lance              Conj/Tloc      ####....     7%          4    ##.....
 Discord                  Hex            ##........   100%        8    #######
 Gell's Gravitas          Tloc           ##........   19%         3    None
 Yara's Violent Unravell  Hex/Tmut       ##........   86%         5    ####...


Dungeon Overview and Level Annotations

Branches:
Dungeon (9/15)             Temple (0/1) D:5
   Lair: D:8-11         Orc: D:9-12

Altars:
Nemelex Xobeh
Sif Muna
Beogh

Shops:
D:4 }   D:9 !(}

Annotations:
D:3 3 runed doors, Ymberto's ghost, amateur NaTm
D:9 Maurice


Message History

Aiming: Searing Ray (safe; 1% risk of failure)
Press: ? - help, Shift-Dir - straight line, f/p - Maurice
Aim: Maurice, wielding an enchanted dagger, wearing a runed cloak and carrying a wand of acid (5) (moderately wounded)
The searing ray hits Maurice.
Maurice is heavily wounded. (Press . to maintain the ray.) Maurice hits you with an enchanted dagger!
Maurice steals 2 of your 3 scrolls labeled WOIJURH EDIOMINNY!
The searing ray hits Maurice.
Maurice is heavily wounded.
Maurice hits you with an enchanted dagger.
Maurice steals your orange potion!
The searing ray hits Maurice.
Maurice is severely wounded.
Maurice drinks a potion.
Maurice seems to speed up.
The searing ray misses Maurice.
You finish channeling your searing ray.
Maurice zaps a wand.
The bolt of acid hits you!
* * * LOW HITPOINT WARNING * * *
You are splashed with acid!
The acid burns!
You die...

.#
#.##..#.##.#..#
#.##.##.##.#..#
#...............
####.#######...#
###)### #.....#
#.....# #.....#
#@###.# ♣@♣ #.#
#.# #.# ..∩..+.#
#♣#.#♣### ♣♣.♣♣
#'# ..#


You could see Maurice.

Vanquished Creatures
  2 hippogriffs
  A spriggan (D:9)
  Duvessa (D:7)
  3 sky beasts
  2 orc warriors
  An ice beast (D:6)
  4 ogres
  2 phantoms
  A centaur (D:9)
  A big kobold (D:9)
  A crocodile (D:9)
  Dowan (D:7)
  A wyvern skeleton (D:7)
  3 scorpions
  6 killer bees
  2 wights (D:8)
  2 howler monkeys
  2 crimson imps
  A bullfrog zombie (D:7)
  2 jellies
  2 orc priests (D:6)
  A gnoll shaman (D:8)
  3 hounds
  4 orc wizards
  A centaur skeleton (D:4)
  2 iguanas
  11 worker ants
  2 hound zombies
  A hound skeleton (D:6)
  4 gnolls
  9 adders
  An adder skeleton (D:6)
  An adder zombie (D:8)
  2 worms
  3 dart slugs
  4 leopard geckos
  23 orcs
  4 giant cockroaches
  8 goblins
  5 hobgoblins
  13 jackals
  10 kobolds
  3 quokkas
  4 bats
  4 frilled lizards
  A jackal zombie (D:5)
  7 rats
172 creatures vanquished.

Vanquished Creatures (others)
  4 fulminant prisms
  A plant (D:4)
5 creatures vanquished.

Grand Total: 177 creatures vanquished

Notes
Turn   | Place    | Note
-------+----------+-------------------------------------------
     0 | D:1      | Lilu the Deep Elf Conjurer began the quest for the Orb.
     0 | D:1      | Reached XP level 1. HP: 10/10 MP: 6/6
   229 | D:1      | Reached XP level 2. HP: 15/15 MP: 5/8
   289 | D:1      | Reached skill level 5 in Conjurations
   341 | D:1      | Learned a level 2 spell: Searing Ray
   578 | D:1      | Reached XP level 3. HP: 19/19 MP: 1/9
  1663 | D:2      | Reached XP level 4. HP: 24/24 MP: 7/10
  1691 | D:2      | Found a deep blue altar of Sif Muna.
  1697 | D:2      | Learned a level 4 spell: Iskenderun's Mystic Blast
  1705 | D:2      | Became a worshipper of Sif Muna the Loreminder
  1789 | D:2      | Found a sparkling altar of Nemelex Xobeh.
  1939 | D:3      | Found a runed gate.
  1940 | D:3      | Found a runed gate.
  1940 | D:3      | Found a runed gate.
  1944 | D:3      | Noticed Ymberto's ghost (amateur NaTm)
  1946 | D:3      | Found a roughly hewn altar of Beogh.
  2728 | D:4      | Reached XP level 5. HP: 16/28 MP: 6/11
  3066 | D:4      | Found Efuocw's Gadget Emporium.
  3241 | D:4      | Noticed a phantom
  3296 | D:4      | Killed a phantom
  3296 | D:4      | Reached XP level 6. HP: 18/32 MP: 12/12
  3768 | D:4      | Reached * piety under Sif Muna
  3933 | D:5      | Entered Level 5 of the Dungeon
  4269 | D:5      | Reached XP level 7. HP: 36/36 MP: 8/13
  4440 | D:5      | Found a staircase to the Ecumenical Temple.
  4800 | D:6      | Reached skill level 10 in Conjurations
  5099 | D:6      | Reached ** piety under Sif Muna
  5360 | D:6      | Reached XP level 8. HP: 37/41 MP: 12/16
  5402 | D:6      | Reached skill level 5 in Spellcasting
  6001 | D:7      | Noticed Duvessa
  6001 | D:7      | Noticed Dowan
  6017 | D:7      | Killed Duvessa
  6028 | D:7      | Killed Dowan
  6201 | D:7      | Learned a level 4 spell: Fulminant Prism
  6274 | D:7      | Reached skill level 1 in Fighting
  6353 | D:7      | Noticed a hippogriff
  6363 | D:7      | Killed a hippogriff
  6642 | D:8      | Noticed a two-headed ogre
  6766 | D:8      | Reached *** piety under Sif Muna
  6774 | D:8      | Reached XP level 9. HP: 44/48 MP: 3/24
  6886 | D:7      | Reached skill level 10 in Spellcasting
  7506 | D:9      | Found Hirphyqeu's Antique Weapon Shoppe.
  7599 | D:8      | Reached skill level 5 in Fighting
  8040 | D:9      | Found Opnytouf's Gadget Emporium.
  8071 | D:9      | Found Koll's Distillery.
  8072 | D:9      | Noticed Maurice
  8080 | D:9      | HP: 1/55 [Maurice/wand of acid (5) (21)]
  8080 | D:9      | Splashed by Maurice's acid

Skill      XL: |  1  2  3  4  5  6  7  8  9 |
---------------+----------------------------+-----
Conjurations   | 5 6 7 8 9 10 | 10.7
Spellcasting   | 4 9 10 | 10.8
Fighting       | 2 6 |  6.1
Dodging        | |  2.4
Stealth        | |  2.4

Action                   |  1- 3 |  4- 6 |  7- 9 || total
-------------------------+-------+-------+-------++-------
Melee: Whip              |    16 |     1 |       ||    17
       Long sword        |       |    43 |    93 ||   136
 Cast: Magic Dart        |    62 |    22 |    24 ||   108
       Searing Ray       |     4 |    15 |    55 ||    74
       Fulminant Prism   |       |       |     4 ||     4
       Iskenderun's Myst |       |       |    13 ||    13
  Use: Scroll            |       |     1 |       ||     1
 Stab: Sleeping          |       |     3 |       ||     3
  Eat: Chunk             |     2 |     8 |    11 ||    21
       Ration            |       |       |     1 ||     1
Armor: Robe              |     4 |    17 |    39 ||    60
Dodge: Dodged            |    21 |    58 |   210 ||   289
       Rpst.: Long sword |       |    21 |    54 ||    75
